 Dungeon Crawl Stone Soup version 0.26.0-10-g1f06aea511 (webtiles) character file.

Game seed: 4609991568533537360

2467 Borgoz the Slasher (level 9, -3/56 HPs)
             Began as a Gargoyle Gladiator on Jan 14, 2021.
             Was a Follower of Ashenzari.
             Slain by a six-headed hydra (10 damage)
             ... on level 8 of the Dungeon.
             The game lasted 00:11:28 (6242 turns).

Borgoz the Slasher (Gargoyle Gladiator)             Turns: 6242, Time: 00:11:29

Health: -3/56      AC: 14    Str: 19    XL:     9   Next: 51%
Magic:  0/9        EV: 16    Int: 11    God:    Ashenzari [*.....]
Gold:   402        SH:  0    Dex: 14    Spells: 8/8 levels left

rFire    . . .     SeeInvis .   a - +0 long sword
rCold    . . .     Faith    .   (no shield)
rNeg     + . .     Spirit   +   e - +1 troll leather armour
rPois    ∞         Reflect  .   y - +1 helmet {Int+3}
rElec    +         Harm     .   (no cloak)
rCorr    +         Rampage  .   l - +0 pair of gloves
Will     +....                  (no boots)
Stlth    +.........             s - amulet of guardian spirit
HPRegen  0.58/turn              k - ring of willpower
MPRegen  0.11/turn              m - ring of resist corrosion

@: no status effects
A: negative energy resistance 1, electricity resistance, unbreathing,
petrification resistance, miasma immunity, AC +6
a: Renounce Religion, Curse Item, Scrying


You were on level 8 of the Dungeon.
You worshipped Ashenzari.
Ashenzari was aware of your devotion.
You visited 2 branches of the dungeon, and saw 9 of its levels.

You collected 402 gold pieces.

Inventory:

Hand Weapons
 a - a +0 long sword (weapon)
Missiles
 d - 2 throwing nets (quivered)
Armour
 e - a +1 troll leather armour (worn)
 l - a +0 pair of gloves (worn)
 y - a +1 helmet of intelligence (worn)
Jewellery
 b - an uncursed ring of protection from cold
 f - an uncursed ring of flight
 i - an uncursed ring of protection from cold
 k - a ring of willpower (left hand)
 m - a ring of resist corrosion (right hand)
 s - an amulet of guardian spirit (around neck)
 A - an uncursed amulet of reflection
Wands
 c - a wand of iceblast (10)
 B - a wand of disintegration (4)
Scrolls
 g - a scroll of holy word {unknown}
 h - 9 scrolls of remove curse
 t - a scroll of teleportation
 w - 3 scrolls of fog
 x - 2 scrolls of magic mapping
Potions
 j - 2 potions of cancellation {unknown}
 n - 2 potions of flight {unknown}
 q - 2 potions of curing
 r - 2 potions of mutation {unknown}
 u - 3 potions of haste
 v - a potion of heal wounds {unknown}


   Skills:
 + Level 6.4 Fighting
 * Level 7.7 Long Blades
 - Level 1.7 Throwing
 * Level 7.1 Dodging


You had 8 spell levels left.
You didn't know any spells.
Your spell library was empty.

Dungeon Overview and Level Annotations

Branches:
Dungeon (8/15)             Temple (1/1) D:5
   Lair: D:8-11

Altars:
Ashenzari
Cheibriados
Dithmenos
Elyvilon
Gozag
Hepliaklqana
Kikubaaqudgha
Makhleb
Okawaru
Qazlal
Ru
Sif Muna
Trog
Uskayaw
Vehumet
Wu Jian
Xom
Yredelemnul
Zin
The Shining One

Shops:
D:4 :

Portals:
Abyss: D:7

Annotations:
D:7 2 transporters, qborf's ghost, novice HaEE


Innate Abilities, Weirdness & Mutations

You are resistant to torment.
Your stone body is resilient. (AC +6)
You are immune to poison.
You resist negative energy. (rN+)
You are resistant to electric shocks. (rElec)
You can survive without breathing.
You are immune to petrification.
You are immune to miasma.


Message History

The six-headed hydra closely misses you.
The six-headed hydra bites you but does no damage. x2
The six-headed hydra closely misses you.
The six-headed hydra barely misses you. The six-headed hydra bites you!
* * * LOW HITPOINT WARNING * * *
The worker ant bites you but does no damage.
Evoke which item? (* to show all) (? for menu, Esc to quit)
That's the wrong kind of item! (Use * to select it.) Evoke which item? (* to show all) (? for menu, Esc to quit)
Aiming: Disintegrate
Press: ? - help, Shift-Dir - straight line, f/p - six-headed hydra
Aim: a six-headed hydra (severely wounded, chance to affect: 30%)
The six-headed hydra is blasted!!
The black bear is caught in a web!
The worker ant bites you but does no damage.
The six-headed hydra bites you but does no damage. x2
The six-headed hydra bites you.
* * * LOW HITPOINT WARNING * * *
The six-headed hydra bites you but does no damage.
The six-headed hydra bites you!
You die...

#.#
#.##.#.......<...#
...
#.##.......#######
#.# #P.#.#.....#
#. ##..###.....#
#..## ##...##
###.### #####


#^hOPP# #PPDBP# #PP@.P# #^...P# #..PPP# ####### You could see a six-headed
hydra, a black bear (webbed), an ogre and a worker ant.

Vanquished Creatures
  Grinder (D:3)
  Eustachio (D:5)
  A hornet zombie (D:7)
  An orc warrior (D:7)
  2 phantoms (D:5)
  2 black bears
  2 ogres
  3 centaurs
  A big kobold (D:7)
  A bullfrog (D:6)
  A gnoll sergeant (D:6)
  A wight (D:6)
  3 howler monkeys
  3 hounds
  2 jellies
  4 orc priests (D:7)
  An iguana (D:5)
  Jessica (D:3)
  A bullfrog skeleton (D:5)
  3 centaur skeletons
  4 orc wizards
  3 worker ants
  A worker ant zombie (D:6)
  7 adders
  3 gnolls (D:2)
  2 shadow imps
  2 white imps (D:5)
  An ufetubus (D:7)
  2 oozes
  2 worms
  3 dart slugs (D:1)
  6 leopard geckos
  16 orcs
  2 ball pythons
  4 bats
  5 giant cockroaches
  8 hobgoblins
  2 jackals (D:1)
  13 kobolds
  5 quokkas
  5 frilled lizards
  2 goblins
  A quokka zombie (D:5)
  16 rats
150 creatures vanquished.

Vanquished Creatures (others)
  A plant (D:8)
1 creature vanquished.

Grand Total: 151 creatures vanquished

Notes
Turn   | Place    | Note
-------+----------+-------------------------------------------
     0 | D:1      | Borgoz the Gargoyle Gladiator began the quest for the Orb.
     0 | D:1      | Reached XP level 1. HP: 12/12 MP: 1/1
   101 | D:1      | Reached XP level 2. HP: 18/18 MP: 2/2
   336 | D:1      | Reached XP level 3. HP: 17/22 MP: 3/3
   744 | D:2      | Found a stormy altar of Qazlal.
   778 | D:2      | Reached XP level 4. HP: 21/27 MP: 4/4
   831 | D:2      | Found a faded altar of an unknown god.
  1232 | D:2      | Reached XP level 5. HP: 30/32 MP: 5/5
  1348 | D:3      | Noticed Grinder
  1383 | D:3      | Killed Grinder
  1384 | D:3      | Reached XP level 6. HP: 17/37 MP: 6/6
  1630 | D:3      | Noticed a moth of wrath
  1632 | D:3      | Found a bloodstained altar of Trog.
  1716 | D:3      | Noticed Jessica
  1727 | D:3      | Killed Jessica
  1808 | D:3      | Found an iron altar of Okawaru.
  2113 | D:3      | You fall into a shaft and drop 2 floors!
  2113 | D:5      | Entered Level 5 of the Dungeon
  2175 | D:5      | Reached XP level 7. HP: 25/42 MP: 7/7
  2237 | D:5      | Noticed Eustachio
  2246 | D:5      | Reached skill level 5 in Long Blades
  2271 | D:5      | Found a staircase to the Ecumenical Temple.
  2276 | D:5      | Killed Eustachio
  2365 | D:5      | Reached skill level 5 in Dodging
  2378 | Temple   | Entered the Ecumenical Temple
  2589 | D:5      | Reached XP level 8. HP: 40/48 MP: 4/8
  2670 | D:4      | Found Xubuifo's Book Boutique.
  3099 | D:4      | Found a broken altar of Ashenzari.
  3129 | D:4      | Reached skill level 5 in Fighting
  3143 | D:4      | Became a worshipper of Ashenzari the Shackled
  3177 | D:4      | Found a shimmering blue altar of Sif Muna.
  3260 | D:4      | Found a snail-covered altar of Cheibriados.
  3644 | D:5      | Found a hazy altar of Hepliaklqana.
  4244 | D:6      | Got the short sword "Lurgh" {venom, MP+9}
  4245 | D:6      | Identified the +2 short sword "Lurgh" {venom, MP+9} (You
                  | found it on level 6 of the Dungeon)
  4784 | D:6      | Reached * piety under Ashenzari
  4940 | D:6      | Found an iron altar of Okawaru.
  5005 | D:6      | Reached XP level 9. HP: 47/55 MP: 7/9
  5072 | D:6      | Got the whip of Namaluth {protect, *Drain rElec rC+ Str+4}
  5729 | D:7      | Found a transporter.
  5738 | D:7      | Found a one-way gate to the infinite horrors of the Abyss.
  5738 | D:7      | Noticed qborf's ghost (novice HaEE)
  5779 | D:7      | Found a transporter.
  5780 | D:7      | Noticed a red ugly thing
  5794 | D:7      | Identified the +7 whip "Robrust" {distort, Str-2 Int+6}
  5805 | D:7      | Noticed a toenail golem
  6212 | D:8      | Noticed a five-headed hydra
  6228 | D:8      | Found a sacrificial altar of Ru.
  6242 | D:8      | Slain by a six-headed hydra

Illustrated notes

Levels and vault maps discovered:
D:1:      dpeg_arrival_rooms_with_view, layout_loops_ring
D:2:      layout_basic, chequers_ecumenical_altar_island, interstate_on_off,
          nicolae_qazlal_general_emergency
D:3:      layout_loops_cross, tgw_trog, kennysheep_okawaru_gauntlet,
          uniq_jessica, uniq_grinder
D:4:      layout_loops_corners, kennysheep_mini, tgw_sif, old_standard_altar,
          serial_shops, shop
D:5:      minmay_thinvault, layout_gridville, kennysheep_mini_moat,
          minmay_temple_entry_stoned_glass, uniq_eustachio
D:6:      minmay_clustersquares, layout_loops_corners, lemuel_doored_altar
D:7:      layout_loops_cross, gammafunk_ghost_abyssal_escape,
          dk_rats_in_the_wall
D:8:      layout_loops_cross, nicolae_ru_the_path_less_chosen,
          minmay_misc_feat_hallway
Temple:   dshaligram_water_room_temple

Skill      XL: |  1  2  3  4  5  6  7  8  9 |
---------------+----------------------------+-----
Long Blades    | 3 4 5 6 7 |  7.7
Dodging        | 3 4 5 6 7 |  7.1
Fighting       | 3 4 5 6 |  6.4
Throwing       | |  1.7

Action                   |  1- 3 |  4- 6 |  7- 9 || total
-------------------------+-------+-------+-------++-------
Melee: Long sword        |    85 |   118 |   427 ||   630
Throw: Throwing net      |       |       |     1 ||     1
Evoke: Wand              |       |       |     7 ||     7
  Use: Scroll            |     1 |     5 |     9 ||    15
       Potion            |       |     2 |     3 ||     5
 Stab: Sleeping          |     1 |       |     3 ||     4
       Distracted        |       |       |     1 ||     1
Armor: Troll leather arm |    32 |    41 |   235 ||   308
       Leather armour    |     3 |       |       ||     3
Dodge: Dodged            |    65 |    85 |   437 ||   587
       Rpst.: Long sword |    19 |    36 |   127 ||   182
